 Dungeon Crawl Stone Soup version 0.17-a0-1954-g0dddeaa (webtiles) character file.

99 vatarom the Chiller (level 4, -9/27 HPs)
             Began as a Deep Elf Ice Elementalist on Oct 3, 2015.
             Mangled by an orc warrior
             ... wielding a +2 short sword of speed
              (19 damage)
             ... on level 3 of the Dungeon.
             The game lasted 00:05:07 (2322 turns).

vatarom the Chiller (Deep Elf Ice Elementalist)     Turns: 2322, Time: 00:05:07

Health: -9/27      AC:  2    Str:  6    XL:     4   Next: 45%
Magic:  1/10       EV: 13    Int: 20    God:
Gold:   147        SH:  0    Dex: 15    Spells: 3 memorised, 3 levels left

rFire  . . .     SeeInvis .     g - +1 dagger
rCold  . . .     Clarity  .     a - +0 robe
rNeg   . . .     SustAt   .     (no shield)
rPois  .         Gourm    +     (no helmet)
rElec  .         Spirit   .     (no cloak)
rCorr  .         Warding  .     (no gloves)
rMut   .         Stasis   .     (no boots)
MR     .....                    e - amulet of the gourmand
Stlth  ++........               (no ring)
                                (no ring)

@: not resistant to hostile enchantments, unstealthy
A: no striking features
a: no special abilities


You were on level 3 of the Dungeon.
You were not hungry.

You visited 1 branch of the dungeon, and saw 3 of its levels.

You collected 147 gold pieces.

Inventory:

Hand weapons
 g - a +1 dagger (weapon)
Armour
 a - a +0 robe (worn)
Jewellery
 e - an amulet of the gourmand (around neck)
Scrolls
 d - 2 scrolls of noise
 f - 2 scrolls of amnesia
 k - 2 scrolls of remove curse
Potions
 m - a potion of cancellation
 n - a potion of heal wounds {unknown}
Books
 b - a book of Frost

   Spells                             Type                      Level
   a - Freeze                         Ice                          1
   b - Throw Frost                    Conjuration/Ice              2
   c - Ozocubu's Armour               Charms/Ice                   3
   d - Throw Icicle                   Conjuration/Ice              4
   e - Summon Ice Beast               Ice/Summoning                4
   f - Condensation Shield            Ice                          4
Comestibles
 h - a beef jerky
 i - a meat ration
 j - a slice of pizza
 l - a bread ration


   Skills:
 + Level 2.6 Fighting
 - Level 2.4 Dodging
 - Level 2.4 Stealth
 - Level 3.0 Spellcasting
 - Level 1.1 Conjurations
 + Level 4.2 Ice Magic


You had 3 spell levels left.
You knew the following spells:

 Your Spells              Type           Power        Failure   Level  Hunger
a - Freeze                Ice            ###.         2%          1    None
b - Throw Frost           Conj/Ice       ##....       10%         2    ##.....
c - Ozocubu's Armour      Chrm/Ice       ##......     21%         3    ###....


Dungeon Overview and Level Annotations

Branches:
Dungeon (3/15)

Altars:
Fedhas
Qazlal


Message History

The orc warrior closely misses you.
Casting: Freeze
Confirm with . or Enter, or press ? or * to list all spells.
Aiming: Freeze
Press: ? - help, Shift-Dir - straight line, f/p - orc warrior
Aim: an orc warrior, wielding a short sword of speed and wearing a plate armour (heavily wounded)
You freeze the orc warrior.
The orc warrior is severely wounded.
The orc warrior barely misses you.
Casting: Freeze
Confirm with . or Enter, or press ? or * to list all spells.
Aiming: Freeze
Press: ? - help, Shift-Dir - straight line, f/p - orc warrior
Aim: an orc warrior, wielding a short sword of speed and wearing a plate armour (severely wounded)
You freeze the orc warrior.
The orc warrior is severely wounded.
The orc warrior hits you with a short sword of speed!
The orc warrior hits you with a short sword of speed!!
Ouch! That really hurt!
You die...

##...####....... #..
##.## #...... #..
#.## #..... #.#
#..## #...# # .
##.#.## #+## #
#.###.# #.# ##.#.##
#.# #o## ##.## #@#
##...## ###.###
#.....#
#.....#####...####
#.#.#.##.........###
#.#......###.###....
#.###.#### #.# #####
#.###.# #.# #.....#
#.# ####### #.#


You could see an orc warrior.

Vanquished Creatures
  5 adders (D:2)
  A worm (D:3)
  An orc (D:3)
  7 goblins
  7 hobgoblins
  4 jackals (D:1)
  2 ball pythons (D:2)
  5 bats
  4 giant geckos
  A giant newt (D:1)
  7 kobolds
  7 rats
51 creatures vanquished.

Notes
Turn   | Place    | Note
--------------------------------------------------------------
     0 | D:1      | vatarom the Deep Elf Ice Elementalist began the quest for the Orb.
     0 | D:1      | Reached XP level 1. HP: 10/10 MP: 6/6
   325 | D:1      | Reached skill level 1 in Fighting
   359 | D:1      | Reached XP level 2. HP: 10/16 MP: 0/8
   600 | D:1      | Learned a level 2 spell: Throw Frost
  1231 | D:2      | Reached XP level 3. HP: 14/21 MP: 7/9
  1236 | D:2      | Learned a level 3 spell: Ozocubu's Armour
  1376 | D:2      | Found a stormy altar of Qazlal.
  1453 | D:2      | Found a blossoming altar of Fedhas.
  1604 | D:2      | Reached skill level 4 in Ice Magic
  1604 | D:2      | Reached XP level 4. HP: 13/27 MP: 7/10
  2256 | D:3      | Noticed an orc warrior
  2322 | D:3      | Mangled by an orc warrior

Vault maps used:
D:1:      dpeg_arrival_long_road
D:2:      grunt_temple_overflow_forces_of_nature, kennysheep_boxes
D:3:      lemuel_blue_sif_altar, lemuel_coloured_pillars_altar, first_bread,
          st_stairs_1

Action                   |  1- 3 |  4- 6 || total
-------------------------+-------+-------++-------
Melee: Dagger            |    26 |    11 ||    37
       Club              |     2 |       ||     2
 Cast: Freeze            |    34 |    23 ||    57
       Throw Frost       |    11 |     5 ||    16
       Ozocubu's Armour  |     1 |     1 ||     2
  Use: Scroll            |     8 |     2 ||    10
       Potion            |     1 |     1 ||     2
 Stab: Sleeping          |     4 |       ||     4
       Distracted        |     1 |       ||     1
  Eat: Bread ration      |     1 |       ||     1
       Chunk             |       |     1 ||     1
